 Dungeon Crawl Stone Soup version 0.30-a0-618-gd6c86c23d0 (webtiles) character file.

Game seed: 3813644432768197091

9723 themarg the Martial Artist (level 11, -18/100 HPs)
             Began as a Gnoll Transmuter on Jan 9, 2023.
             Was a Follower of Nemelex Xobeh.
             Demolished by an orc warlord
             ... wielding a +5 broad axe
              (29 damage)
             ... in a bailey.
             The game lasted 00:35:21 (11435 turns).

themarg the Martial Artist (Gnoll Transmuter)      Turns: 11435, Time: 00:35:22

Health: -18/100    AC:  8    Str:  9    XL:     11   Next: 51%
Magic:  22/23      EV: 13    Int: 17    God:    Nemelex Xobeh [*.....]
Gold:   691        SH:  0    Dex: 13    Spells: 16/26 levels left

rFire   . . .      SeeInvis .      - Unarmed
rCold   + + +      Faith    .    (shield currently unavailable)
rNeg    . . .      Spirit   .    (body armour currently unavailable)
rPois   +          Reflect  .    (helmet currently unavailable)
rElec   .          Harm     .    (cloak currently unavailable)
rCorr   .          Rampage  .    (gloves currently unavailable)
Will    .....                    (boots currently unavailable)
Stlth   +++                      M - amulet of the acrobat
HPRegen 0.36/turn                G - ring of wizardry
MPRegen 0.18/turn                K - ring of protection from fire

@: ice-form, wereblooded, elixired
A: freezing attack, amphibious, boosted hp, large, (fangs 1), strong nose,
distributed training
a: End Transformation, Renounce Religion, Draw Escape, Draw Destruction, Draw
Summoning


You were in a bailey.
You worshipped Nemelex Xobeh.
Nemelex Xobeh was aware of your devotion.
You were a creature of crystalline ice.
You visited 2 branches of the dungeon, and saw 11 of its levels.
You also visited: Sewer and Bailey.

You collected 691 gold pieces.

Inventory:

Missiles
 c - 67 stones
 j - 5 boomerangs
 n - 17 poisoned darts
 o - 2 silver boomerangs
Armour
 d - a +2 pair of boots (melded)
 g - a +0 troll leather armour (melded)
 p - a +1 robe of willpower
 r - a +2 pair of gloves (melded)
 D - the +0 leather armour of Qeaq {rPois Int+5}
   (You found it on level 10 of the Dungeon)

   Int:       It affects your intelligence (+5).
   rPois:     It protects you from poison.
 E - the +4 robe of Tunyoj {Int+3}
   (You found it on level 5 of the Dungeon)

   Int:       It affects your intelligence (+3).
 H - a +1 hat (melded)
 N - the +5 scale mail of Gobus {+Inv Dex+3}
   (You found it on level 7 of the Dungeon)

   Dex:       It affects your dexterity (+3).
   +Inv:      It lets you turn invisible.
Jewellery
 G - a ring of wizardry (left front paw)
 K - a ring of protection from fire (right front paw)
 M - an amulet of the acrobat (around neck)
 R - the necklace of Bloodlust {*Rage Will++ Int-3 Slay+6}
   (You found it on level 9 of the Dungeon)

   [amulet of nothing]

   It extends the wearer's berserk rage when killing foes.
   Int:       It affects your intelligence (-3).
   Slay:      It affects your accuracy & damage with ranged weapons and melee
   (+6).
   *Rage:     It berserks you when you make melee attacks (+50% chance).
   Will:      It greatly increases your willpower.
Wands
 y - a wand of charming (20)
 F - a wand of quicksilver (8)
 I - a wand of roots (8)
 J - a wand of mindburst (8)
 O - a wand of digging (4)
 Q - a wand of flame (25)
Scrolls
 a - a scroll of blinking
 e - 3 scrolls of enchant weapon
 h - 8 scrolls of teleportation
 l - a scroll of acquirement {unknown}
 m - a scroll of poison {unknown}
 q - 6 scrolls of noise
 s - 2 scrolls of butterflies
 t - 5 scrolls of vulnerability
 v - 2 scrolls of amnesia
 w - 2 scrolls of immolation
 x - 2 scrolls of fog
 B - 2 scrolls of magic mapping {unknown}
 C - 2 scrolls of fear
Potions
 b - 2 potions of lignification
 f - 2 potions of might
 i - a potion of mutation {unknown}
 k - 9 potions of flight
 u - 2 potions of attraction
 z - 2 potions of brilliance
 A - 3 potions of magic {unknown}
 L - a potion of degeneration {unknown}
 P - a potion of haste {unknown}
 S - 2 potions of berserk rage
 T - a potion of curing


   Skills:
 + Level 7.1 Fighting
 + Level 6.6 Short Blades
 + Level 6.6 Long Blades
 + Level 6.6 Axes
 + Level 6.6 Maces & Flails
 + Level 6.6 Polearms
 + Level 6.6 Staves
 + Level 6.6 Ranged Weapons
 + Level 6.6 Throwing
 + Level 6.6 Armour
 + Level 8.1 Dodging
 + Level 6.6 Stealth
 + Level 6.6 Shields
 + Level 9.4 Unarmed Combat
 + Level 8.4 Spellcasting
 + Level 5.4 Conjurations
 + Level 5.4 Hexes
 + Level 5.4 Summonings
 + Level 5.4 Necromancy
 + Level 5.4 Translocations
 + Level 6.7 Transmutations
 + Level 5.4 Fire Magic
 + Level 5.4 Ice Magic
 + Level 5.4 Air Magic
 + Level 5.4 Earth Magic
 + Level 5.4 Poison Magic
 + Level 7.2 Invocations
 + Level 6.6 Evocations


You had 16 spell levels left.
You knew the following spells:

 Your Spells              Type           Power      Damage    Failure   Level
a - Beastly Appendage     Tmut           60%        N/A       1%          1
b - Wereblood             Tmut           30%        N/A       1%          2
c - Spider Form           Tmut/Pois      27%        N/A       1%          3
d - Ice Form              Ice/Tmut       27%        N/A       3%          4

Your spell library contained the following spells:

 Spells                   Type           Power      Damage    Failure   Level
 Portal Projectile        Hex/Tloc       50%        N/A       1%          3
 Tukima's Dance           Hex            25%        N/A       1%          3
 Summon Ice Beast         Ice/Summ       25%        N/A       4%          4
 Blade Hands              Tmut           15%        N/A       7%          5
 Summon Mana Viper        Hex/Summ       25%        N/A       12%         5
 Monstrous Menagerie      Summ           12%        N/A       96%         7


Dungeon Overview and Level Annotations

Branches:
Dungeon (10/15)            Temple (1/1) D:7           Sewer (visited)
 Bailey (1/1)
   Lair: D:8-11         Orc: D:9-12

Altars:
Ashenzari
Cheibriados
Dithmenos
Elyvilon
Fedhas
Gozag
Hepliaklqana
Kikubaaqudgha
Makhleb
Nemelex Xobeh
Okawaru
Qazlal
Ru
Sif Muna
Trog
Uskayaw
Vehumet
Wu Jian
Xom
Yredelemnul
Zin
The Shining One

Portals:
Trove: D:10 (give +4 shadow dragon scales)

Annotations:
D:4 1 exclusion
D:10 8 exclusions


Innate Abilities, Weirdness & Mutations

You are a creature of crystalline ice.
You have a powerful freezing melee attack.
You are amphibious.
Your maximum health is increased.
Your armour is entirely melded.
You are incapable of wielding weapons or throwing items.
((You have very sharp teeth.))
Your uncanny sense of smell can sniff out nearby items.
Your experience applies equally to all skills.


Message History

The roots erupt in riotous growth!
Roots grab the orc warlord.
Roots grab the orc warrior.
Roots grab the goblin.
Roots grab the orc warrior.
The grasping roots constrict the orc warrior!
The grasping roots constrict the orc warlord!
The grasping roots constrict the goblin!
You kill the goblin!
The grasping roots constrict the orc warrior.
The orc warlord roars a battlecry!
The orc warrior goes into a battle-frenzy!
The grasping roots constrict the orc warrior.
The grasping roots constrict the orc warlord!
The grasping roots constrict the orc warrior!
The orc warlord escapes!
You hit the orc warlord but do no damage.
The orc warlord is heavily wounded.
The grasping roots constrict the orc warrior.
The grasping roots constrict the orc warrior!
You kill the orc warrior!
The orc warrior struggles to escape constriction.
You pummel the orc warlord!! You freeze the orc warlord!
The orc warlord is severely wounded.
The grasping roots constrict the orc warrior!
The roots release their grip on the orc warrior.
You hit the orc warlord but do no damage.
The orc warlord is severely wounded.
The orc warrior no longer looks unusually strong.
The orc warlord roars a battlecry!
The orc warrior goes into a battle-frenzy!
You pummel the orc warlord!! You freeze the orc warlord!
The orc warlord is almost dead.
The orc warlord hits you with a +5 broad axe!!
* * * LOW HITPOINT WARNING * * *
The orc barely misses you.
You draw a card...
You have drawn the Elixir.
You begin rapidly regenerating health and magic.
The orc warrior barely misses you.
The orc warlord hits you with a +5 broad axe!!
You die...
Your body glows slightly and disappears.

#...........#........
#...........#........
###.........###.......
###.#'#.....###.###.....
###...))###.###....
###.##
##.........###......
∆###.
#..........8##......
∆∆#..
#.........o8#)......
∆∆#..
#∩....⌠...Yo))......
∆∆#..
#.........o8#.......
∆∆#..
#..........8##......
∆∆#..
##.........###...... ∆
##. ###.....###.###....
## ###.#'#.....###.#
###)).......###
#...........#
#...........#


You could see an orc warlord, an orc warrior (strong) and an orc (strong).

Vanquished Creatures
  A two-headed ogre (D:9)
  4 deep trolls (D:9)
  Joseph (D:9)
  A hornet (D:9)
  Prince Ribbit (D:5)
  A vampire (D:8)
  Sigmund (D:5)
  3 yaks (D:10)
  2 steam dragons (D:9)
  The ghost of omnomnOMINOUS the Stinger, an amateur OpWn of Uskayaw (D:3)
  A water moccasin (D:9)
  8 orc warriors (Bailey)
  A black bear (D:7)
  3 ice beasts
  3 ogres (D:5)
  5 centaurs
  Blork the orc (D:5)
  3 phantoms
  A necrophage (D:4)
  7 bullfrogs
  A gnoll sergeant (D:7)
  5 scorpions
  15 wights
  6 howler monkeys (D:7)
  A jelly (D:5)
  6 orc priests
  3 hounds
  2 iguanas (D:6)
  A gnoll bouda (D:5)
  8 orc wizards
  25 gnolls
  8 adders
  6 river rats (Sewer)
  2 worms
  4 dart slugs
  58 orcs
  7 endoplasms
  9 giant cockroaches
  32 hobgoblins
  4 jackals
  8 kobolds
  12 quokkas
  10 ball pythons
  17 bats
  3 frilled lizards
  46 goblins
  5 rats
353 creatures vanquished.

Notes
Turn   | Place    | Note
-------+----------+-------------------------------------------
     0 | D:1      | themarg the Gnoll Transmuter began the quest for the Orb.
     0 | D:1      | Reached XP level 1. HP: 17/17 MP: 6/6
   188 | D:1      | Reached XP level 2. HP: 22/23 MP: 5/7
   254 | D:1      | Learned a level 2 spell: Wereblood
   390 | D:1      | Found a faded altar of an unknown god.
   490 | D:1      | Reached skill level 5 in Spellcasting
   490 | D:1      | Reached XP level 3. HP: 20/28 MP: 6/9
   495 | D:1      | Learned a level 3 spell: Spider Form
   894 | D:2      | Reached skill level 1 in Invocations
  1112 | D:2      | Reached skill level 1 in Short Blades
  1112 | D:2      | Reached skill level 1 in Long Blades
  1112 | D:2      | Reached skill level 1 in Axes
  1112 | D:2      | Reached skill level 1 in Maces & Flails
  1112 | D:2      | Reached skill level 1 in Polearms
  1112 | D:2      | Reached skill level 1 in Staves
  1112 | D:2      | Reached skill level 1 in Ranged Weapons
  1112 | D:2      | Reached skill level 1 in Throwing
  1112 | D:2      | Reached skill level 1 in Armour
  1112 | D:2      | Reached skill level 1 in Stealth
  1112 | D:2      | Reached skill level 1 in Shields
  1112 | D:2      | Reached skill level 1 in Evocations
  1167 | D:2      | Reached XP level 4. HP: 31/34 MP: 9/11
  1327 | D:3      | You fall into a shaft and drop 1 floor!
  1334 | D:4      | Noticed a scorpion
  1341 | D:4      | Killed a scorpion
  1342 | D:4      | Reached skill level 1 in Conjurations
  1342 | D:4      | Reached skill level 1 in Hexes
  1342 | D:4      | Reached skill level 1 in Summonings
  1342 | D:4      | Reached skill level 1 in Necromancy
  1342 | D:4      | Reached skill level 1 in Translocations
  1342 | D:4      | Reached skill level 1 in Fire Magic
  1342 | D:4      | Reached skill level 1 in Ice Magic
  1342 | D:4      | Reached skill level 1 in Air Magic
  1342 | D:4      | Reached skill level 1 in Earth Magic
  1342 | D:4      | Reached skill level 1 in Poison Magic
  1342 | D:4      | Reached XP level 5. HP: 37/40 MP: 8/12
  1361 | D:4      | Noticed a phantom
  1457 | D:3      | Found a runed translucent door.
  1457 | D:3      | Noticed omnomnOMINOUS's ghost (amateur OpWn)
  1568 | D:3      | Found a blossoming altar of Fedhas.
  1568 | D:3      | Found a hazy altar of Hepliaklqana.
  1569 | D:3      | Found a stormy altar of Qazlal.
  1803 | D:3      | Found a glowing drain.
  1822 | Sewer    | Entered a sewer
  1869 | Sewer    | Reached XP level 6. HP: 47/47 MP: 4/13
  2123 | Sewer    | Reached skill level 5 in Dodging
  3341 | D:3      | Learned a level 4 spell: Ice Form
  3349 | D:3      | Killed omnomnOMINOUS's ghost
  3350 | D:3      | Reached skill level 7 in Unarmed Combat
  3350 | D:3      | Reached XP level 7. HP: 52/52 MP: 11/15
  4072 | D:5      | Entered Level 5 of the Dungeon
  4206 | D:5      | Reached XP level 8. HP: 60/60 MP: 11/16
  4657 | D:5      | Noticed Prince Ribbit
  4675 | D:5      | Killed Prince Ribbit
  4844 | D:5      | Noticed Blork the orc
  4851 | D:5      | Reached skill level 5 in Transmutations
  4854 | D:5      | Killed Blork the orc
  4988 | D:5      | Identified the +4 robe of Tunyoj {Int+3}
  5015 | D:5      | Reached XP level 9. HP: 66/66 MP: 14/18
  5328 | D:5      | Noticed Sigmund
  5341 | D:5      | Killed Sigmund
  5570 | D:5      | Found a glowing golden altar of the Shining One.
  5585 | D:5      | Reached skill level 5 in Fighting
  6202 | D:6      | Reached skill level 8 in Unarmed Combat
  6370 | D:6      | Reached skill level 5 in Invocations
  7499 | D:7      | Reached skill level 5 in Short Blades
  7499 | D:7      | Reached skill level 5 in Long Blades
  7499 | D:7      | Reached skill level 5 in Axes
  7499 | D:7      | Reached skill level 5 in Maces & Flails
  7499 | D:7      | Reached skill level 5 in Polearms
  7499 | D:7      | Reached skill level 5 in Staves
  7499 | D:7      | Reached skill level 5 in Ranged Weapons
  7499 | D:7      | Reached skill level 5 in Throwing
  7499 | D:7      | Reached skill level 5 in Armour
  7499 | D:7      | Reached skill level 5 in Stealth
  7499 | D:7      | Reached skill level 5 in Shields
  7499 | D:7      | Reached skill level 5 in Evocations
  7499 | D:7      | Reached XP level 10. HP: 76/76 MP: 18/20
  7734 | D:7      | Found a staircase to the Ecumenical Temple.
  7735 | D:7      | Identified the +5 scale mail of Gobus {+Inv Dex+3}
  7744 | Temple   | Entered the Ecumenical Temple
  7808 | Temple   | Became a worshipper of Nemelex Xobeh the Trickster
  9324 | D:9      | Reached * piety under Nemelex Xobeh
  9363 | D:9      | Received a gift from Nemelex Xobeh
  9373 | D:9      | Found an opulent altar of Gozag.
  9377 | D:9      | Noticed Joseph
  9399 | D:9      | Killed Joseph
  9614 | D:9      | Noticed an orange demon
  9736 | D:9      | Found a shimmering altar of Xom.
  9736 | D:9      | Found a shimmering altar of Xom.
  9736 | D:9      | Found a shimmering altar of Xom.
  9766 | D:9      | Noticed a two-headed ogre
  9775 | D:9      | Killed a two-headed ogre
 10221 | D:9      | Noticed a deep troll
 10223 | D:9      | Noticed a deep troll
 10237 | D:9      | Killed a deep troll
 10238 | D:9      | Reached skill level 9 in Unarmed Combat
 10238 | D:9      | Reached skill level 5 in Conjurations
 10238 | D:9      | Reached skill level 5 in Hexes
 10238 | D:9      | Reached skill level 5 in Summonings
 10238 | D:9      | Reached skill level 5 in Necromancy
 10238 | D:9      | Reached skill level 5 in Translocations
 10238 | D:9      | Reached skill level 5 in Fire Magic
 10238 | D:9      | Reached skill level 5 in Ice Magic
 10238 | D:9      | Reached skill level 5 in Air Magic
 10238 | D:9      | Reached skill level 5 in Earth Magic
 10238 | D:9      | Reached skill level 5 in Poison Magic
 10238 | D:9      | Reached XP level 11. HP: 47/83 MP: 18/22
 10378 | D:9      | Noticed a deep troll
 10379 | D:9      | Noticed a deep troll
 10385 | D:9      | Killed a deep troll
 10389 | D:9      | Killed a deep troll
 10395 | D:9      | Killed a deep troll
 10636 | D:9      | Found the necklace of Bloodlust {*Rage Will++ Int-3 Slay+6}
 10733 | D:9      | Found a shimmering altar of Xom.
 10738 | D:9      | Found a shimmering altar of Xom.
 10738 | D:9      | Found a shimmering altar of Xom.
 10738 | D:9      | Found a shimmering altar of Xom.
 10739 | D:9      | Found a shimmering altar of Xom.
 10956 | D:10     | Entered Level 10 of the Dungeon
 10956 | D:10     | Found a portal to a secret trove of treasure.
 10961 | D:10     | Identified the +0 leather armour of Qeaq {rPois Int+5}
 11169 | D:10     | Found a flagged portal.
 11195 | Bailey   | Entered a bailey
 11410 | Bailey   | Noticed an orc warlord
 11434 | Bailey   | HP: 1/100 [orc warlord/+5 broad axe (30)]
 11435 | Bailey   | Demolished by an orc warlord

Illustrated notes

Levels and vault maps discovered:
D:1:      sevenhm_arrival_forest_fort_large_4, layout_basic,
          hellmonk_ecumenical_altar_pennies_from_heaven
D:2:      layout_basic
D:3:      minmay_chambers_of_threes, layout_loops_cross,
          gammafunk_temple_overflow_claw, gup_sewer_entry_pipe,
          hellmonk_ghost_happy_afterlife, amethyst_killhole
D:4:      layout_rooms, hangedman_decor_opposing, due_unseen_surprise
D:5:      layout_cave_pods, mainiacjoe_overflow_six_doors_small, serial_rivers,
          chequers_serial_rivers_large_a, chequers_serial_rivers_micro_e,
          chequers_serial_rivers_micro_d, chequers_serial_rivers_large_b,
          uniq_blork_the_orc, uniq_prince_ribbit1, uniq_sigmund
D:6:      minmay_goblin_kobold_castle, layout_rooms
D:7:      layout_basic, temple_hall
D:8:      layout_rooms, serial_co_window_serial, co_window_paths_a,
          co_window_paths_b, co_window_corner_a, co_window_corner_a,
          co_window_corner_a, co_window_paths_b, co_window_of_opportunity_a,
          co_window_corner_ca, co_window_paths_c, co_window_of_opportunity_b,
          co_window_corner_cb, co_window_paths_e
D:9:      layout_long_grid, mainiacjoe_overflow_tiny_flanked, xom_shifter_show,
          hellmonk_guarded_unrand_vitality_bloodlust, uniq_amaemon, uniq_joseph
D:10:     layout_irregular_city, enter_bailey_6, enter_trove_1, uniq_fannar
Temple:   nicolae_temple_x_marks_the_god
Bailey:   bailey_axe_minmay_hex_keep, bailey

Skill      XL: |  1  2  3  4  5  6  7  8  9 10 11 |
---------------+----------------------------------+-----
Spellcasting   | 5 6 7 8 |  8.4
Invocations    | 1 2 3 4 5 6 7 |  7.2
Short Blades   | 1 2 3 5 6 |  6.6
Long Blades    | 1 2 3 5 6 |  6.6
Axes           | 1 2 3 5 6 |  6.6
Maces & Flails | 1 2 3 5 6 |  6.6
Polearms       | 1 2 3 5 6 |  6.6
Staves         | 1 2 3 5 6 |  6.6
Ranged Weapons | 1 2 3 5 6 |  6.6
Throwing       | 1 2 3 5 6 |  6.6
Armour         | 1 2 3 5 6 |  6.6
Stealth        | 1 2 3 5 6 |  6.6
Shields        | 1 2 3 5 6 |  6.6
Evocations     | 1 2 3 5 6 |  6.6
Conjurations   | 1 2 3 4 5 |  5.4
Hexes          | 1 2 3 4 5 |  5.4
Summonings     | 1 2 3 4 5 |  5.4
Necromancy     | 1 2 3 4 5 |  5.4
Translocations | 1 2 3 4 5 |  5.4
Fire Magic     | 1 2 3 4 5 |  5.4
Ice Magic      | 1 2 3 4 5 |  5.4
Air Magic      | 1 2 3 4 5 |  5.4
Earth Magic    | 1 2 3 4 5 |  5.4
Poison Magic   | 1 2 3 4 5 |  5.4
Fighting       | 3 4 5 6 7 |  7.1
Transmutations | 4 5 6 |  6.7
Dodging        | 5 6 7 8 |  8.1
Unarmed Combat | 7 8 9 |  9.4

Action                   |  1- 3 |  4- 6 |  7- 9 | 10-12 || total
-------------------------+-------+-------+-------+-------++-------
Melee: Unarmed           |    77 |   188 |   290 |   290 ||   845
       Kick              |    18 |     3 |       |       ||    21
       Headbutt          |     9 |       |       |       ||     9
       Bite              |     2 |     3 |       |       ||     5
       Punch             |     2 |       |       |     1 ||     3
 Cast: Beastly Appendage |    19 |     2 |       |       ||    21
       Spider Form       |       |    36 |     8 |     5 ||    49
       Wereblood         |       |     2 |    12 |     8 ||    22
       Ice Form          |       |     1 |    26 |    24 ||    51
Invok: Draw Destruction  |       |       |       |     2 ||     2
       Draw Summoning    |       |       |       |     1 ||     1
       Draw Escape       |       |       |       |     1 ||     1
 Abil: End Transformatio |       |       |       |     1 ||     1
Evoke: Wand              |       |       |       |    10 ||    10
  Use: Scroll            |       |     2 |     5 |    11 ||    18
       Potion            |       |     2 |       |     4 ||     6
 Stab: Sleeping          |     2 |       |     1 |     2 ||     5
Armor: Robe              |    13 |    15 |     4 |     1 ||    33
       Skin              |       |    21 |    69 |    41 ||   131
Dodge: Dodged            |    47 |   203 |   182 |   157 ||   589

Table legend: (Time is in decaauts)
 A = Elapsed time spent in this place.
 B = Non-inter-level travel time spent in this place.
 C = Inter-level travel time spent in this place.
 D = Time resting spent in this place.
 E = Time spent auto-exploring this place.
 F = Levels seen in this place.
 G = Mean time per level.
                   A        B        C        D        E       F      G
               +--------+--------+--------+--------+--------+-----+--------+
         Total |  11484 |  11127 |    357 |    573 |   8016 |  13 |  883.4 |
       Dungeon |  10120 |   9783 |    337 |    408 |   7387 |  10 | 1012.0 |
        Temple |     98 |     78 |     20 |      0 |     46 |   1 |   98.0 |
         Sewer |   1040 |   1040 |      0 |    114 |    583 |   1 | 1040.0 |
        Bailey |    225 |    225 |      0 |     51 |      0 |   1 |  225.0 |
               +--------+--------+--------+--------+--------+-----+--------+

Top non-repeatable levels by time:
     D:5: 1798 daAuts
     D:9: 1571 daAuts
     D:6: 1476 daAuts
     D:8: 1292 daAuts
     D:3: 1170 daAuts
   Sewer: 1040 daAuts
     D:1: 763 daAuts
     D:4: 688 daAuts
     D:7: 617 daAuts
     D:2: 507 daAuts
    D:10: 234 daAuts
  Bailey: 225 daAuts
  Temple: 98 daAuts
